 Dungeon Crawl Stone Soup version 0.29-a0-813-g4a14ea37d6 (webtiles) character file.

Game seed: 3330362856515242414

2542 zeratav the Skirmisher (level 9, -2/41 HPs)
             Began as a Spriggan Hunter on July 5, 2022.
             Shot with a bolt by an orc warrior (20 damage)
             ... on level 7 of the Dungeon.
             The game lasted 00:10:44 (7369 turns).

zeratav the Skirmisher (Spriggan Hunter)            Turns: 7369, Time: 00:10:44

Health: -2/41      AC:  5    Str:  7    XL:     9   Next: 30%
Magic:  10/10      EV: 18    Int: 11    God:
Gold:   586        SH:  0    Dex: 22    Spells: 8/8 levels left

rFire   . . .      SeeInvis +   a - +0 shortbow {bow}
rCold   . . .      Faith    .   (shield currently unavailable)
rNeg    . . .      Spirit   .   c - +0 robe
rPois   .          Reflect  .   (helmet restricted)
rElec   .          Harm     .   r - +2 cloak
rCorr   .          Rampage  .   (gloves unavailable)
Will    +....                   (boots unavailable)
Stlth   +++.......              (no amulet)
HPRegen 0.13/turn               (no ring)
MPRegen 0.12/turn               (no ring)

@: very quick
A: very small, no large weapons, unfitting armour, see invisible, speed 3
a: no special abilities


You were on level 7 of the Dungeon.
You visited 2 branches of the dungeon, and saw 8 of its levels.

You collected 586 gold pieces.


Innate Abilities, Weirdness & Mutations

You are very small and have problems with some larger weapons.
You are too small for most types of armour.
You have supernaturally acute eyesight. (SInv)
You cover ground extremely quickly. (Speed+++)


   Skills:
 - Level 1.5 Fighting
 + Level 12.8 Ranged Weapons
 - Level 2.6 Dodging
 - Level 5.0 Stealth


You had 8 spell levels left.
You didn't know any spells.
Your spell library contained the following spells:

 Spells                   Type           Power      Damage    Failure   Level
 Magic Dart               Conj           0%         1d3       34%         1
 Call Imp                 Summ           0%         N/A       47%         2
 Mephitic Cloud           Conj/Pois/Air  0%         N/A       71%         3
 Animate Dead             Necr           0%         N/A       98%         4
 Borgnjor's Vile Clutch   Necr/Erth      0%         N/A       100%        5
 Death Channel            Necr           0%         N/A       100%        6

Inventory:

Hand Weapons
 a - a +0 shortbow (weapon) {bow}
Missiles
 q - 2 curare-tipped darts {=fthrowing}
 u - 15 poisoned darts {throwing}
Armour
 c - a +0 robe (worn)
 r - a +2 cloak (worn)
   (You took it off Crazy Yiuf on level 2 of the Dungeon)
 s - a scarf of resistance
   (You found it on level 3 of the Dungeon)
 t - an orb of guile
   (You found it on level 3 of the Dungeon)
Jewellery
 B - an amulet of magic regeneration {@e2}
   (You found it on level 7 of the Dungeon)
Wands
 v - a wand of charming (9)
   (You found it on level 3 of the Dungeon)
Scrolls
 b - a scroll of immolation {!r!r}
 e - a scroll of enchant weapon {unknown}
 f - a scroll of torment {unknown}
 g - a scroll of blinking {unknown}
 h - 2 scrolls of fog {unknown}
 i - 4 scrolls of teleportation {unknown}
 j - 8 scrolls of identify {unknown}
 l - 4 scrolls of poison {unknown}
 y - a scroll of acquirement {unknown}
 z - a scroll of summoning {unknown}
Potions
 d - a potion of haste {unknown}
 k - 2 potions of brilliance {unknown}
 m - 3 potions of curing {unknown}
 n - a potion of flight {unknown}
 o - a potion of magic {unknown}
 p - a potion of heal wounds {unknown}
 w - 2 potions of resistance {unknown}
 x - a potion of ambrosia {unknown}
 A - a potion of lignification {unknown}

Dungeon Overview and Level Annotations

Branches:
Dungeon (7/15) Zot: 26709  Temple (1/1) D:6 Zot: 5921

Altars:
Ashenzari
Elyvilon
Fedhas
Gozag
Hepliaklqana
Makhleb
Nemelex Xobeh
Okawaru
Qazlal
Ru
Sif Muna
Trog
Uskayaw
Vehumet
Wu Jian
Yredelemnul

.#......)....#...s.....#
.......##.s..#..##.....#
.............#..#...#..#
.........#...#..#.#s#...
........................
................###.#...
............##..# #.#...
............##o.###.#...
.......@........o.......
.................o..#..#
..####..#...##...#..#...
. .........##...#......
###......#...#..#.##
#..........#..#.#
#....###.#.#..#.##
#.#..# #.#.#.o#...
#.#..# #.#.#......


You could see an orc warrior and a scorpion.


Message History

r - Retreat! s - Stop attacking. g - Guard the area. f - Follow me.
Anything else - Cancel.
Gang up on whom?
Press: ? - help, Dir - move target, f - orc wizard, p - orc warrior
Aim: an orc wizard, wielding a +0 dagger and wearing a +0 robe Attack!
Your orc warrior unwields a +0 arbalest.
Your orc warrior wields a +0 scimitar.
Your orc warrior hits something with a +0 scimitar.
What are your orders? t - Shout!
Orders for allies: a - Attack new target. r - Retreat! s - Stop attacking. g - Guard the area. f - Follow me.
Anything else - Cancel.
Gang up on whom?
Press: ? - help, Dir - move target, f - orc
Aim: an orc, wielding a +0 hand axe Attack!
Your orc warrior unwields a +0 scimitar.
Your orc warrior wields a +0 arbalest.
Your orc warrior shoots a bolt.
The bolt hits the orc!!
The orc dies!
Something hits your orc warrior but does no damage.
Your orc warrior unwields a +0 arbalest.
Your orc warrior wields a +0 scimitar.
Your orc warrior misses something.
Unknown command.
The orc wizard points at you and mumbles some strange words.
The magic dart hits your orc warrior but does no damage.
Your orc warrior hits the orc wizard with a +0 scimitar!
The orc wizard hits your orc warrior but does no damage.
You swap places.
An orc comes into view. It is wielding a +0 flail.
You swap places.
Your orc warrior barely misses the orc wizard.
The orc wizard points at you and mumbles some strange words.
Your orc warrior resists with some effort.
What are your orders? t - Shout!
Orders for allies: a - Attack new target. r - Retreat! s - Stop attacking. g - Guard the area. f - Follow me.
Anything else - Cancel.
Gang up on whom?
Press: ? - help, Dir - move target, f - orc wizard
Aim: an orc wizard, wielding a +0 dagger and wearing a +0 robe (severely wounded, ally target) Attack!
Your orc warrior barely misses the orc wizard.
The orc wizard casts a spell.
The orc wizard flickers and vanishes for a moment.
HP[+1]
What are your orders? t - Shout!
Orders for allies: a - Attack new target. p - Attack previous target. r - Retreat! s - Stop attacking. g - Guard the area. f - Follow me.
Anything else - Cancel.
Gang up on whom?
Press: ? - help, Dir - move target, f/p - orc wizard
Aim: an orc wizard, wielding a +0 dagger and wearing a +0 robe (severely wounded, slightly transparent) Attack!
An orc wizard comes into view. It is wielding a +0 dagger.
The orc wizard hits you with a +0 dagger.
HP[-1]
You take 1 damage, and now have 26/41 hp.
The orc wizard hits you with a +0 dagger.
HP[-1]
You take 1 damage, and now have 25/41 hp.
HP[+1] HP[+1]
You shoot an arrow. The arrow barely misses the orc wizard.
You shoot an arrow. The arrow hits the orc wizard.
You shoot an arrow. The arrow hits the orc wizard.
You shoot an arrow.
The arrow completely misses the orc wizard.
The arrow closely misses the orc warrior.
You shoot an arrow.
The arrow hits the orc wizard but does no damage.
The orc wizard casts a spell at you. The puff of flame hits you!
* * * LOW HITPOINT WARNING * * *
HP[-11]
You take 11 damage, and now have 16/41 hp.
MASSIVE DAMAGE!! (PAUSE)
You are too injured to fight recklessly!
The orc wizard casts a spell.
The orc wizard flickers and vanishes for a moment.
The orc warrior unwields a +0 scimitar.
The orc warrior wields a +0 arbalest.
The orc warrior shoots a bolt.
The bolt barely misses the orc wizard.
The bolt closely misses you.
HP[+1]
A scorpion comes into view.
HP[+1]
Found a bloodstained altar of Trog.
The orc warrior shoots a bolt.
The bolt closely misses you.
The orc wizard shouts!
The orc warrior shoots a bolt.
The bolt hits you!!
You die...

Skill      XL: |  1  2  3  4  5  6  7  8 |
---------------+-------------------------+-----
Ranged Weapons | 5 6 7 8 10 12 | 12.8
Stealth        | 4 5 |  5.0
Fighting       | |  1.5
Dodging        | |  2.6

Action                   |  1- 3 |  4- 6 |  7- 9 || total
-------------------------+-------+-------+-------++-------
 Fire: Shortbow          |   101 |   166 |   243 ||   510
Evoke: Wand              |       |       |     1 ||     1
Armor: Robe              |     2 |     9 |    13 ||    24
Dodge: Dodged            |    16 |    30 |    55 ||   101

Levels and vault maps discovered:
D:1:      eino_arrival_cavern_c, layout_basic, serial_corexii_hall,
          corexii_hall_statues_i, chequers_hall_statues_corner_a,
          corexii_hall_statues_l, shapermc_ecumenical_altar_pompeii,
          minmay_hexomino_u4
D:2:      minmay_general_purpose_star, layout_basic, minmay_pentomino_pile,
          uniq_crazy_yiuf_cottage
D:3:      layout_rooms
D:4:      layout_basic, nicolae_ru_path_of_blood
D:5:      layout_loops_ring, grunt_ministairs_8
D:6:      layout_layer_cave, okawaru_gym_becter, nicolae_overflow_hidden_temple,
          minmay_temple_entry_trees, uniq_prince_ribbit1
D:7:      layout_basic, mainiacjoe_overflow_six_doors_small, lemuel_round_altar,
          hangedman_feature_mirror, nicolae_shop_clearance
Temple:   nicolae_temple_figure_zero

Notes
Turn   | Place    | Note
-------+----------+-------------------------------------------
     0 | D:1      | zeratav the Spriggan Hunter began the quest for the Orb.
     0 | D:1      | Reached XP level 1. HP: 10/10 MP: 2/2
     0 | D:1      | magus.rc [v1.9.6]
    89 | D:1      | Found a faded altar of an unknown god.
   132 | D:1      | Reached XP level 2. HP: 14/14 MP: 3/3
   379 | D:1      | Reached skill level 5 in Ranged Weapons
   381 | D:1      | Reached XP level 3. HP: 18/18 MP: 4/4
  1242 | D:2      | Reached XP level 4. HP: 22/22 MP: 5/5
  1345 | D:2      | Identified the +3 cloak of Juduinam {Harm Stlth+}
  1378 | D:2      | HP: 5/22 [poisoned by an adder]
  1671 | D:2      | Reached skill level 6 in Ranged Weapons
  1746 | D:2      | You pick up a book of Minor Magic and begin reading...
  1746 | D:2      | You add the spells Magic Dart, Call Imp and Mephitic Cloud
                  | to your library.
  2021 | D:2      | Found a runed translucent door.
  2022 | D:2      | Noticed Crazy Yiuf
  2362 | D:2      | Killed Crazy Yiuf
  2363 | D:2      | Reached XP level 5. HP: 25/25 MP: 6/6
  2625 | D:3      | Noticed a phantom
  2661 | D:3      | Killed a phantom
  2662 | D:3      | Reached skill level 7 in Ranged Weapons
  2879 | D:4      | Reached XP level 6. HP: 30/30 MP: 7/7
  3186 | D:4      | Reached skill level 8 in Ranged Weapons
  3428 | D:4      | Reached XP level 7. HP: 33/33 MP: 8/8
  4056 | D:4      | Found a sacrificial altar of Ru.
  4325 | D:5      | Entered Level 5 of the Dungeon
  4369 | D:5      | Reached skill level 9 in Ranged Weapons
  4461 | D:5      | You pick up a book of Unlife and begin reading...
  4461 | D:5      | You add the spells Animate Dead, Borgnjor's Vile Clutch and
                  | Death Channel to your library.
  5210 | D:6      | Noticed Prince Ribbit
  5240 | D:6      | Killed Prince Ribbit
  5241 | D:6      | Reached skill level 10 in Ranged Weapons
  5241 | D:6      | Reached skill level 4 in Stealth
  5241 | D:6      | Reached XP level 8. HP: 26/37 MP: 9/9
  5475 | D:6      | HP: 6/37 [black bear (11)]
  5506 | D:6      | Reached skill level 5 in Stealth
  5874 | D:6      | Found a staircase to the Ecumenical Temple.
  5883 | Temple   | Entered the Ecumenical Temple
  6211 | D:6      | Found a burning altar of Makhleb.
  6212 | D:6      | Found a basalt altar of Yredelemnul.
  6232 | D:6      | Found an iron altar of Okawaru.
  6457 | D:6      | Found a stormy altar of Qazlal.
  6524 | D:6      | Found a hazy altar of Hepliaklqana.
  6631 | D:6      | Reached skill level 11 in Ranged Weapons
  7115 | D:7      | Found a shimmering blue altar of Sif Muna.
  7132 | D:7      | Found a radiant altar of Vehumet.
  7132 | D:7      | Noticed a four-headed hydra
  7197 | D:7      | Noticed a troll
  7255 | D:7      | Killed a four-headed hydra
  7256 | D:7      | Reached skill level 12 in Ranged Weapons
  7256 | D:7      | Reached XP level 9. HP: 41/41 MP: 10/10
  7282 | D:7      | Killed a troll
  7360 | D:7      | Found a bloodstained altar of Trog.
  7369 | D:7      | Shot with a bolt by an orc warrior

Vanquished Creatures
  A hydra (D:7)
  A troll (D:7)
  Prince Ribbit (D:6)
  A sky beast (D:6)
  3 black bears (D:6)
  An ogre (D:6)
  A centaur (D:7)
  A phantom (D:3)
  2 necrophages
  2 scorpions (D:4)
  A howler monkey (D:5)
  5 hounds
  3 jellies
  Crazy Yiuf (D:2)
  3 iguanas
  An orc wizard (D:6)
  3 gnolls (D:4)
  12 adders
  A shadow imp (D:7)
  A white imp (D:7)
  An ufetubus (D:6)
  3 worms
  2 dart slugs (D:1)
  8 orcs
  9 ball pythons
  8 bats
  13 endoplasms
  4 giant cockroaches
  4 goblins
  11 hobgoblins
  6 jackals
  3 quokkas
  5 frilled lizards
  12 kobolds
  7 rats
141 creatures vanquished.

Vanquished Creatures (collateral kills)
  An orc (D:7)
1 creature vanquished.

Grand Total: 142 creatures vanquished

Table legend:
 A = Non-vault XP
 B = Vault XP
 C = Vault XP percentage of total XP
 D = Non-vault monster count
 E = Vault monster count
 F = Vault count percentage of total count
                 A         B        C        D         E       F
            +---------+---------+-------+---------+---------+-------
      Total |    2020 |    1612 |  44.4 |     126 |      16 |  11.3
            +---------+---------+-------+---------+---------+-------
        D:1 |      64 |       4 |   5.9 |      28 |       2 |   6.7
        D:2 |      80 |      70 |  46.7 |      26 |       9 |  25.7
        D:3 |     150 |       0 |   0.0 |      20 |       0 |   0.0
        D:4 |     523 |       0 |   0.0 |      25 |       0 |   0.0
        D:5 |     128 |      91 |  41.6 |       3 |       2 |  40.0
        D:6 |     939 |     274 |  22.6 |      20 |       1 |   4.8
        D:7 |     136 |    1173 |  89.6 |       4 |       2 |  33.3
            +---------+---------+-------+---------+---------+-------

Illustrated notes

Table legend:
 A = Kills in this place as a percentage of kills in entire the game.
 B = Kills by you in this place as a percentage of kills by you in the entire game.
 C = Kills by friends in this place as a percentage of kills by friends in the entire game.
 D = Other kills in this place as a percentage of other kills in the entire game.
 E = Experience gained in this place as a percentage of experience gained in the entire game.
 F = Experience gained in this place divided by the number of levels of this place that you have seen.
                   A       B       C       D       E      F
               +-------+-------+-------+-------+-------+----------------------
         Total | 100.0 | 100.0 | 100.0 |   N/A | 100.0 | 454.0
       Dungeon | 100.0 | 100.0 | 100.0 |   N/A | 100.0 | 518.9
               +-------+-------+-------+-------+-------+----------------------

Table legend: (Time is in decaauts)
 A = Elapsed time spent in this place.
 B = Non-inter-level travel time spent in this place.
 C = Inter-level travel time spent in this place.
 D = Time resting spent in this place.
 E = Time spent auto-exploring this place.
 F = Levels seen in this place.
 G = Mean time per level.
                   A        B        C        D        E       F      G
               +--------+--------+--------+--------+--------+-----+--------+
         Total |   5272 |   5164 |    108 |    751 |   3414 |   8 |  659.0 |
       Dungeon |   5193 |   5093 |    100 |    751 |   3342 |   7 |  741.9 |
        Temple |     78 |     71 |      7 |      0 |     71 |   1 |   78.0 |
               +--------+--------+--------+--------+--------+-----+--------+

Top non-repeatable levels by time:
     D:2: 1268 daAuts
     D:6: 1242 daAuts
     D:4: 1130 daAuts
     D:1: 495 daAuts
     D:5: 467 daAuts
     D:3: 300 daAuts
     D:7: 289 daAuts
  Temple: 78 daAuts
